 Dungeon Crawl Stone Soup version 0.17.0-18-gaab0e96 (webtiles) character file.

1873 inmateoo the Grappler (level 9, -8/75 HPs)
             Began as a Ghoul Conjurer on Nov 11, 2015.
             Was a Follower of Cheibriados.
             Mangled by an orc warrior
             ... wielding a +0 glaive
              (10 damage)
             ... on level 6 of the Dungeon.
             The game lasted 00:13:00 (5583 turns).

inmateoo the Grappler (Ghoul Conjurer)              Turns: 5583, Time: 00:13:00

Health: -8/75      AC: 14    Str: 19    XL:     9   Next: 14%
Magic:  19/19      EV:  6    Int: 12    God:    Cheibriados [*.....]
Gold:   174        SH:  0    Dex: 11    Spells: 0 memorised, 11 levels left

rFire  . . .     SeeInvis .     d - +6 dagger (flame)
rCold  + . .     Clarity  .     l - +1 plate armour
rNeg   + + +     SustAt   .     (no shield)
rPois  ∞         Gourm    .     (no helmet)
rElec  .         Spirit   .     (no cloak)
rCorr  .         Warding  .     m - +0 pair of gloves
rMut   .         Stasis   .     (no boots)
MR     .....                    b - amulet of regeneration
Stlth  ..........               n - ring of magical power
                                a - +2 ring of strength

@: rotting, very slow, not resistant to hostile enchantments, extremely
unstealthy
A: rotting body, claws 1, carnivore 3, cold resistance 1, negative energy
resistance 3, slow regeneration 1, torment resistance, unbreathing
a: Bend Time, Renounce Religion


You were on level 6 of the Dungeon.
You worshipped Cheibriados.
Cheibriados was aware of your devotion.
You were not hungry.

You visited 1 branch of the dungeon, and saw 6 of its levels.

You collected 174 gold pieces.

Inventory:

Hand Weapons
 d - a +6 dagger of flaming (weapon)
Armour
 l - a +1 plate armour (worn)
 m - a +0 pair of gloves (worn)
Jewellery
 a - a +2 ring of strength (left hand)
 b - an amulet of regeneration (around neck)
 i - an uncursed ring of sustain attributes
 n - a ring of magical power (right hand)
 o - an uncursed ring of ice
Wands
 e - a wand of invisibility (4)
 p - a wand of hasting (3)
Scrolls
 k - 2 scrolls of identify
Potions
 g - 3 potions of flight
 r - a potion of cancellation
Books
 s - a book of Unlife

   Spells                             Type                      Level
   a - Recall                         Summoning/Translocation      3
   b - Animate Dead                   Necromancy                   4
   c - Control Undead                 Necromancy                   4
   d - Cigotuvi's Embrace             Necromancy                   5
   e - Death Channel                  Necromancy                   6
   f - Simulacrum                     Ice/Necromancy               6
Comestibles
 c - 3 meat rations
 f - 2 beef jerkies
 q - a slice of pizza


   Skills:
 + Level 5.9 Fighting
 + Level 5.2 Armour
 - Level 2.0 Dodging
 - Level 2.1 Stealth
 * Level 8.9 Unarmed Combat
 - Level 1.7 Spellcasting
   Level 3.2 Conjurations


You had 11 spell levels left.
You didn't know any spells.

Dungeon Overview and Level Annotations

Branches:
Dungeon (6/15)
 Temple: D:4-7

Altars:
Cheibriados
Elyvilon
Okawaru
Sif Muna
Vehumet
The Shining One


Innate Abilities, Weirdness & Mutations

Your body is rotting away.
You thrive on raw meat.
You are immune to poison.
You have sharp fingernails.
You are carnivorous and can eat meat at any time.
Your flesh is cold resistant.
You are immune to negative energy.
You regenerate slowly when monsters are visible.
You are immune to unholy pain and torment.
You can survive without breathing.


Message History

The wight hits you but does no damage. The orc warrior hits you with a glaive.
* * * LOW HITPOINT WARNING * * *
Unknown command.
You hit the orc warrior. You burn the orc warrior.
The orc warrior is moderately wounded.
The wight hits you but does no damage. The orc warrior hits you with a glaive!
* * * LOW HITPOINT WARNING * * *
Unknown command.
Drink which item? (? for menu, Esc to quit)
Okay, then.
Eat which item? (? for menu, Esc to quit)
Okay, then.
You closely miss the orc warrior.
The orc warrior is moderately wounded.
The wight hits you but does no damage.
Unknown command.
Your plate armour prevents you from hitting the orc warrior.
The orc warrior is moderately wounded.
The orc warrior hits you with a glaive!
You die...

........#....##.....##.....#.....
##+##...##...##.....#......#.....
....# ..#######.....#......#.....
....# ####'####'#####..... ....#
. #.................## ....#
#'###.................# ....#
......................# ....#
......................# ....#
......o@..............## ....#
.....##z#############... ....#
.....#.....z... #... ....... . ..
#......... #... .......
#..##.z... ###... ####.### #'##
....# #..##. # ... '. .... #...#.
# .. #. ... #...#. # #. ...
#...#.


You could see an orc warrior and a wight.

Vanquished Creatures
  Grinder (D:3)
  The ghost of hadoken the Slasher, an amateur CeFi (D:4)
  Edmund (D:4)
  A water moccasin (D:5)
  A sky beast (D:6)
  3 ogres
  A phantom (D:6)
  A scorpion (D:5)
  The ghost of puimuR the Chopper, a weakling DsBe of Trog (D:3)
  3 wights (D:6)
  A giant frog zombie (D:6)
  A centaur skeleton (D:4)
  A jelly (D:6)
  Ijyb (D:3)
  2 worker ants
  Jessica (D:3)
  2 orc priests (D:6)
  An iguana (D:4)
  6 orc wizards
  Natasha (thrice) (D:4)
  A hound skeleton (D:6)
  A worker ant zombie (D:6)
  8 adders
  3 oozes
  5 giant geckos
  19 orcs
  A ball python (D:2)
  4 giant cockroaches
  4 goblins
  10 hobgoblins
  9 kobolds
  4 quokkas
  10 bats
  A giant gecko skeleton (D:5)
  7 giant newts
  A jackal skeleton (D:5)
  A quokka skeleton (D:6)
  8 rats
130 creatures vanquished.

Notes
Turn   | Place    | Note
--------------------------------------------------------------
     0 | D:1      | inmateoo the Ghoul Conjurer began the quest for the Orb.
     0 | D:1      | Reached XP level 1. HP: 14/14 MP: 2/2
   113 | D:1      | Reached skill level 1 in Unarmed Combat
   184 | D:1      | Reached XP level 2. HP: 20/20 MP: 3/3
   996 | D:2      | Reached skill level 1 in Armour
  1140 | D:2      | Found a radiant altar of Vehumet.
  1143 | D:2      | Found a glowing golden altar of the Shining One.
  1146 | D:2      | Found a white marble altar of Elyvilon.
  1149 | D:2      | Found a deep blue altar of Sif Muna.
  1196 | D:2      | Reached XP level 3. HP: 24/27 MP: 4/4
  1489 | D:2      | Reached skill level 1 in Fighting
  1947 | D:3      | Noticed Grinder
  1960 | D:3      | Paralysed by Grinder for 4 turns
  1965 | D:3      | Killed Grinder
  1965 | D:3      | Reached skill level 4 in Unarmed Combat
  1965 | D:3      | Reached XP level 4. HP: 18/37 MP: 5/5
  1965 | D:3      | Reached XP level 5. HP: 20/42 MP: 6/6
  1965 | D:3      | Reached XP level 6. HP: 23/50 MP: 7/7
  2059 | D:3      | Noticed Ijyb
  2097 | D:3      | Killed Ijyb
  2288 | D:3      | Noticed Jessica
  2297 | D:3      | Killed Jessica
  2325 | D:3      | Noticed puimuR's ghost (weakling DsBe)
  2432 | D:3      | Killed puimuR's ghost
  2432 | D:3      | Reached skill level 5 in Unarmed Combat
  2675 | D:3      | Reached XP level 7. HP: 57/57 MP: 8/8
  3101 | D:4      | Noticed Natasha
  3105 | D:4      | Killed Natasha
  3167 | D:4      | Noticed Edmund
  3184 | D:4      | Killed Edmund
  3287 | D:4      | Found an iron altar of Okawaru.
  3308 | D:4      | Noticed Natasha
  3315 | D:4      | Killed Natasha
  3315 | D:4      | Reached skill level 6 in Unarmed Combat
  3325 | D:4      | Noticed Natasha
  3332 | D:4      | Killed Natasha
  3388 | D:4      | Noticed hadoken's ghost (amateur CeFi)
  3415 | D:4      | Killed hadoken's ghost
  3641 | D:4      | Reached XP level 8. HP: 66/66 MP: 9/9
  4029 | D:5      | Entered Level 5 of the Dungeon
  4323 | D:5      | Reached skill level 7 in Unarmed Combat
  4628 | D:5      | Reached skill level 5 in Fighting
  4821 | D:6      | Found a snail-covered altar of Cheibriados.
  4872 | D:6      | Became a worshipper of Cheibriados the Contemplative
  5161 | D:6      | Reached skill level 8 in Unarmed Combat
  5403 | D:6      | Reached skill level 5 in Armour
  5403 | D:6      | Reached XP level 9. HP: 63/75 MP: 10/10
  5567 | D:6      | Reached * piety under Cheibriados
  5581 | D:6      | HP: 1/75 [orc warrior/glaive (16)]
  5583 | D:6      | Mangled by an orc warrior

Action                   |  1- 3 |  4- 6 |  7- 9 || total
-------------------------+-------+-------+-------++-------
Melee: Dagger            |   128 |   203 |   392 ||   723
       Unarmed           |     6 |     2 |    10 ||    18
Evoke: Wand              |       |       |     1 ||     1
  Use: Scroll            |     4 |     6 |    13 ||    23
       Potion            |     1 |     4 |     4 ||     9
 Stab: Sleeping          |     1 |       |       ||     1
       Invisible         |       |       |     1 ||     1
  Eat: Chunk             |    11 |    14 |    18 ||    43
       Meat ration       |       |     1 |       ||     1
